 Dungeon Crawl Stone Soup version 0.31.0-2-g5a2aebc5c2 (webtiles) character file.

Game seed: 1816663361520180318

789 SnakkuSnakku7 the Cleaver (level 8, -4/58 HPs)
             Began as a Formicid Cinder Acolyte on Jan 20, 2024.
             Was a High Priest of Ignis.
             Slain by an ogre
             ... wielding a +0 giant club
              (23 damage)
             ... on level 5 of the Dungeon.
             The game lasted 00:04:06 (3109 turns).

SnakkuSnakku7 the Cleaver (Formicid Cinder Acolyte) Turns: 3109, Time: 00:04:07

Health: -4/58      AC: 18    Str: 21    XL:     8   Next: 12%
Magic:  9/9        EV: 10    Int: 14    God:    Ignis [*****.]
Gold:   138        SH:  0    Dex:  9    Spells: 9/9 levels left

rFire   + . .        a - +0 war axe
rCold   . . .        (no shield)
rNeg    . . .        d - +0 plate armour
rPois   .            (helmet unavailable)
rElec   .            (no cloak)
rCorr   .            j - +0 pair of gloves
SInv    +            (no boots)
Will    .....        (no amulet) Stlth
                     m - +5 ring of evasion
HPRegen 0.29/turn    (no ring)
MPRegen 0.11/turn

%: no passive effects
@: fiery-armoured
A: permanent stasis, dig shafts and tunnels, antennae 3, four strong arms
a: Dig, Shaft Self, Renounce Religion, Fiery Armour, Foxfire Swarm, Rising Flame


You were on level 5 of the Dungeon.
You worshipped Ignis.
Ignis was extremely pleased with you.
You visited 1 branch of the dungeon, and saw 5 of its levels.

You collected 204 gold pieces.
You spent 66 gold pieces at shops.

Inventory:

Hand Weapons
 a - a +0 war axe (weapon)
 o - a -1 hand axe of flaming
Armour
 b - a +0 robe
 d - a +0 plate armour (worn)
 j - a +0 pair of gloves (worn)
Jewellery
 m - a +5 ring of evasion (left hand)
Scrolls
 h - a scroll of poison {unknown}
 i - a scroll of fog {unknown}
 k - a scroll of teleportation {unknown}
 n - 3 scrolls of identify {unknown}
 p - a scroll of revelation {unknown}
 q - a scroll of summoning {unknown}
Potions
 c - 2 potions of curing
 e - a potion of enlightenment {unknown}
 f - 3 potions of heal wounds {unknown}
 g - a potion of haste {unknown}
 l - a potion of attraction {unknown}
 r - a potion of degeneration {unknown}


   Skills:
 - Level 3.2 Fighting
 + Level 9.1 Axes
 - Level 1.1 Spellcasting
 - Level 3.0 Fire Magic


You had 9 spell levels left.
You didn't know any spells.
Your spell library contained the following spells:

 Spells                   Type           Power      Damage    Failure   Level
 Scorch                   Fire           18%        2d5       98%         2
 Magic Dart               Conj           0%         1d3       100%        1
 Searing Ray              Conj           0%         2d4       100%        2
 Hailstorm                Conj/Ice       0%         3d5       100%        3
 Summon Ice Beast         Ice/Summ       0%         N/A       100%        3
 Fulminant Prism          Conj/Alch      0%         3d5       100%        4
 Sculpt Simulacrum        Ice/Alch       0%         N/A       100%        6


Dungeon Overview and Level Annotations

Branches:
Dungeon (5/15)
 Temple: D:4-7

Altars:
Elyvilon

Shops:
D:4 *

Annotations:
D:2 1 runed translucent door, 1 exclusion, Crazy Yiuf


Innate Abilities, Weirdness & Mutations

You cannot be hasted, slowed, berserked, paralysed or teleported.
You can dig through walls and to a lower floor.
You have a pair of large antennae on your head. (SInv)
Your four strong arms can wield two-handed weapons with a shield.


Message History

You struggle against the net.
The gnoll hits you but does no damage. The gnoll sergeant barely misses you.
You rip the net and break free!
The gnoll barely misses you. The gnoll sergeant closely misses you.
The gnoll hits you from afar with a +0 spear.
* * * LOW HITPOINT WARNING * * *
The gnoll attacks as it pursues you! The gnoll hits you but does no damage.
The gnoll closely misses you. The gnoll attacks as it pursues you!
The gnoll hits you but does no damage. The gnoll attacks as it pursues you!
The gnoll closely misses you.
Okay, then.
You aren't carrying any items that you can evoke.
Unknown command.
The gnoll barely misses you.
It was a potion of curing.
You feel better. The gnoll hits you but does no damage.
The gnoll closely misses you. The gnoll attacks as it pursues you!
The gnoll barely misses you.
You hear the slow rusting of a drain nearby.
The gnoll attacks as it pursues you! The gnoll hits you with a +0 flail.
The gnoll attacks as it pursues you! The gnoll barely misses you.
An ogre comes into view. It is wielding a +0 giant club.
The ogre shouts!
The gnoll attacks as it pursues you! The gnoll hits you with a +0 flail.
A protective cloak of flame settles atop you.
The gnoll hits you but does no damage.
The gnoll is burned by your cloak of flames.
The gnoll is moderately wounded.
You hit the ogre.
The ogre is lightly wounded.
You hit the gnoll. The ogre hits you but does no damage.
The ogre is burned by your cloak of flames.
The ogre is moderately wounded.
The gnoll barely misses you. The gnoll hits you with a +0 flail.
The gnoll is burned by your cloak of flames.
The gnoll is severely wounded.
You slash the ogre! You punch the ogre.
The ogre is severely wounded.
You barely miss the gnoll.
The ogre hits you with a +0 giant club!!
You die...

#### #..## #######...#### #####
#...#........## #...##
#.............## ##
#....####....#†#####...#####.##
#.....#........O@g##.{###.....#
......<......#..#.g.....#.....#
.............######.##.g......###
.............<####..#####....###.
##...##..........##..####..####..
#....#..........#..##..#{#####..
##.................#.....##..#..
#.............##....###....gg..
##............##... ####..#..


You could see an ogre and 3 gnolls.

Vanquished Creatures
  Sigmund (D:3)
  A steam dragon (D:4)
  A water moccasin (D:5)
  A sky beast (D:4)
  A jelly (D:4)
  Jessica (D:3)
  An orc wizard (D:3)
  A sleepcap (D:5)
  3 gnolls (D:2)
  9 adders
  5 ribbon worms
  8 orcs
  6 bats
  4 endoplasms
  3 giant cockroaches
  12 hobgoblins
  7 quokkas
  9 ball pythons
  4 frilled lizards
  6 goblins
  6 kobolds
  5 rats
95 creatures vanquished.

Vanquished Creatures (others)
  An orc (D:4)
1 creature vanquished.

Grand Total: 96 creatures vanquished

Notes
Turn   | Place    | Note
-------+----------+-------------------------------------------
     0 | D:1      | SnakkuSnakku7 the Formicid Cinder Acolyte began the quest
                  | for the Orb.
     0 | D:1      | Reached XP level 1. HP: 18/18 MP: 2/2
   348 | D:1      | Reached XP level 2. HP: 20/24 MP: 3/3
   878 | D:2      | Reached skill level 4 in Axes
   878 | D:2      | Reached XP level 3. HP: 26/29 MP: 4/4
  1150 | D:2      | Found a runed translucent door.
  1151 | D:2      | Noticed Crazy Yiuf
  1359 | D:2      | Reached XP level 4. HP: 35/35 MP: 5/5
  1611 | D:2      | Reached skill level 5 in Axes
  1803 | D:3      | Reached XP level 5. HP: 31/41 MP: 6/6
  1866 | D:3      | Noticed Sigmund
  1896 | D:3      | Killed Sigmund
  1897 | D:3      | Reached skill level 6 in Axes
  1897 | D:3      | Reached XP level 6. HP: 47/47 MP: 7/7
  2030 | D:3      | Noticed Jessica
  2037 | D:3      | Killed Jessica
  2317 | D:3      | Reached skill level 7 in Axes
  2443 | D:4      | Reached XP level 7. HP: 41/52 MP: 8/8
  2481 | D:4      | Found Vegyo's Assorted Antiques.
  2511 | D:4      | Bought a scroll labelled YCUF VOGASH for 23 gold pieces
  2511 | D:4      | Bought a scroll labelled VEKIRO ESARASE for 23 gold pieces
  2511 | D:4      | Bought a murky white potion for 20 gold pieces
  2651 | D:4      | Reached skill level 8 in Axes
  2748 | D:4      | Noticed a steam dragon
  2762 | D:4      | Killed a steam dragon
  2808 | D:4      | Found a white marble altar of Elyvilon.
  2998 | D:5      | Entered Level 5 of the Dungeon
  3034 | D:5      | Noticed a water moccasin
  3045 | D:5      | Killed a water moccasin
  3046 | D:5      | Reached skill level 9 in Axes
  3046 | D:5      | Reached XP level 8. HP: 36/58 MP: 9/9
  3109 | D:5      | Slain by an ogre

Illustrated notes

Levels and vault maps discovered:
D:1:      dpeg_arrival_short_road, layout_loops_corners
D:2:      layout_loops_cross, uniq_crazy_yiuf_cottage
D:3:      layout_basic, minivault_25, grunt_ministairs_11, uniq_sigmund,
          uniq_jessica
D:4:      layout_cave_pools, serial_column_ruins, column_ruins_hut,
          column_ruins_circle_medium, column_ruins_corridor_straight,
          column_ruins_columns_straight, column_ruins_open_tiny,
          column_ruins_open_small, column_ruins_grid_2,
          column_ruins_open_medium, nicolae_stop_n_shop_2, minmay_ruined_shrine
D:5:      layout_cave_pools, lightli_sewer_entry_pipes

Skill      XL: |  1  2  3  4  5  6  7 |
---------------+----------------------+-----
Axes           | 4 5 6 7 9 |  9.1
Fighting       | |  3.2
Spellcasting   | |  1.1
Fire Magic     | |  3.0

Action                     |  1- 3 |  4- 6 |  7- 9 || total
---------------------------+-------+-------+-------++-------
  Melee: Hand axe          |   125 |    97 |       ||   222
         Punch             |       |     2 |     2 ||     4
         War axe           |       |    46 |    83 ||   129
 Invoke: Fiery Armour      |       |       |     1 ||     1
    Use: Potion            |       |       |     1 ||     1
 Armour: Robe              |    18 |       |       ||    18
         Plate armour      |    86 |    98 |    74 ||   258
  Dodge: Dodged            |    47 |    51 |    66 ||   164
